 Dungeon Crawl Stone Soup version 0.30.1-9-gdf580d7c3d (webtiles) character file.

Game seed: 15578482966667992014

65 RogueRain17 the Chopper (level 3, -1/27 HPs)
             Began as a Demonspawn Gladiator on Oct 24, 2023.
             Slain by a hobgoblin (6 damage)
             ... led by Robin
             ... on level 2 of the Dungeon.
             The game lasted 00:02:14 (1023 turns).

RogueRain17 the Chopper (Demonspawn Gladiator)      Turns: 1023, Time: 00:02:14

Health: -1/27      AC:  4    Str: 16    XL:     3   Next: 94%
Magic:  3/3        EV: 12    Int:  9    God:
Gold:   77         SH:  0    Dex: 14    Spells: 2/2 levels left

rFire   . . .        a - +0 war axe
rCold   . . .        (no shield)
rNeg    . . .        b - +0 leather armour
rPois   .            c - +0 helmet
rElec   .            (no cloak)
rCorr   .            (no gloves)
SInv    .            (no boots)
Will    .....        (no amulet)
Stlth   +            (no ring)
HPRegen 0.24/turn    (no ring)
MPRegen 0.08/turn

%: no passive effects
@: no status effects
A: ignite blood 1, demonic magic 1
a: no special abilities


You were on level 2 of the Dungeon.
You visited 1 branch of the dungeon, and saw 2 of its levels.

You collected 77 gold pieces.

Inventory:

Hand Weapons
 a - a +0 war axe (weapon)
Missiles
 d - 3 throwing nets (quivered)
 e - a javelin
Armour
 b - a +0 leather armour (worn)
 c - a +0 helmet (worn)
Scrolls
 f - 2 scrolls of teleportation {unknown}
 h - a scroll of poison {unknown}
 j - a scroll of torment {unknown}
Potions
 g - a potion of haste {unknown}
 i - 2 potions of degeneration {unknown}


   Skills:
 - Level 2.0 Fighting
 + Level 4.2 Axes
 - Level 1.7 Throwing
 + Level 0.6 Armour
 - Level 2.6 Dodging
 + Level 0.5 Stealth


You had 2 spell levels left.
You didn't know any spells.
Your spell library was empty.

Dungeon Overview and Level Annotations

Branches:
Dungeon (2/15)

Altars:
Nemelex Xobeh

Shops:
D:1 ?

Annotations:
D:2 Robin


Innate Abilities, Weirdness & Mutations

Your demonic aura sometimes causes spilled blood to erupt in flames.
Spells you cast may paralyse adjacent enemies.


Message History

You slash the hobgoblin!
You kill the hobgoblin!
You hit the goblin.
You kill the goblin!
You slash the hobgoblin!
You kill the hobgoblin!
You hit the hobgoblin but do no damage. The hobgoblin misses you.
Robin roars a battlecry!
The goblins go into a battle-frenzy!
You barely miss the goblin. You completely miss the hobgoblin.
You slash the kobold!
You kill the kobold!
You barely miss the goblin. The hobgoblin closely misses you.
The goblin hits you with a +0 dagger. Robin hits you but does no damage.
The goblin hits you but does no damage. The hobgoblin completely misses you.
The hobgoblin hits you. The goblin hits you with a +0 dagger.
Robin barely misses you. The goblin hits you with a +0 dagger.
Unknown command.
The goblin attacks as you move away! The goblin closely misses you.
The hobgoblin closely misses you.
Things that are here:
a +0 whip; a +0 club; a +0 dagger The hobgoblin attacks as you move away!
The hobgoblin hits you.
* * * LOW HITPOINT WARNING * * *
A nearby plant withers and dies.
Robin throws the goblin at you!
You hit the goblin.
The goblin is severely wounded.
You closely miss the hobgoblin. You hit the goblin.
You kill the goblin!
The goblin hits you with a +0 dagger.
* * * LOW HITPOINT WARNING * * *
You slash the goblin!
You kill the goblin!
You hit the hobgoblin. You barely miss the hobgoblin. The hobgoblin misses you.
Robin barely misses you.
You closely miss the hobgoblin.
The hobgoblin is almost dead.
You hit the hobgoblin. The hobgoblin hits you.
You die...

~♣♣♣............
~~~~P♣~..........
~~~~~~♣P......... ≈≈≈
≈~~~♣~~P♣~........
≈≈≈≈≈≈≈≈≈~~~~~~~~~.)..####
≈≈≈≈≈≈≈≈≈≈~PP~~P~♣.)......
~≈≈≈≈≈≈≈ ~P~♣P~~♣gg)......
~≈≈≈≈≈≈~P~~~~P♣♣.°........
♣≈≈~≈≈P~~ ♣~g@g........
~~~~~~~~♣ #............
~~♣P~~~~♣ ##...........
~♣♣♣~~♣P########..........
..##..........###..####...
..##..........# #.........
..##..........###..###.#.
..##...#####.........#.#
.......#
#......#...........


You could see Robin and 3 hobgoblins.

Vanquished Creatures
  2 adders (D:2)
  A dart slug (D:2)
  5 ball pythons
  4 endoplasms (D:1)
  2 giant cockroaches
  11 goblins
  5 hobgoblins
  A quokka (D:1)
  4 bats
  A frilled lizard (D:1)
  5 kobolds
  A rat (D:2)
42 creatures vanquished.

Notes
Turn   | Place    | Note
-------+----------+-------------------------------------------
     0 | D:1      | RogueRain17 the Demonspawn Gladiator began the quest for
                  | the Orb.
     0 | D:1      | Reached XP level 1. HP: 16/16 MP: 1/1
    41 | D:1      | Reached skill level 3 in Axes
    73 | D:1      | Gained mutation: Your demonic aura sometimes causes spilled
                  | blood to erupt in flames. [demonic ancestry]
    73 | D:1      | Reached XP level 2. HP: 18/22 MP: 2/2
   292 | D:1      | Found The Oracle's Delphic Readings.
   560 | D:2      | Found a sparkling altar of Nemelex Xobeh.
   580 | D:2      | Gained mutation: Spells you cast may paralyse adjacent
                  | enemies. [demonic ancestry]
   580 | D:2      | Reached XP level 3. HP: 27/27 MP: 3/3
   633 | D:2      | Reached skill level 4 in Axes
  1011 | D:2      | Noticed Robin
  1023 | D:2      | Slain by a hobgoblin

Illustrated notes

Levels and vault maps discovered:
D:1:      tarquinn_simple_flora_water_a, layout_basic,
          nicolae_nh_oracle_at_delphi
D:2:      layout_basic, basic_altar, shapermc_ecumenical_altar_petra,
          fountainhead, serial_bayou_lake_a, uniq_crazy_yiuf_cottage, uniq_robin

Skill      XL: |  1  2  3 |
---------------+----------+-----
Axes           | 3 4 |  4.2
Fighting       | |  2.0
Throwing       | |  1.7
Armour         | |  0.6
Dodging        | |  2.6
Stealth        | |  0.5

Action                     || total
---------------------------++-------
  Melee: War axe           ||    99
         Punch             ||     2
   Stab: Sleeping          ||     1
 Armour: Leather armour    ||    40
  Dodge: Dodged            ||    83
